 Dungeon Crawl Stone Soup version 0.26-a0-28-gc929df5 (webtiles) character file.

Game seed: 3283340701151813232, levelgen mode: deterministic

7245 thirtiethelement the Destroyer (level 11, -15/81 HPs)
             Began as a Gnoll Conjurer on May 28, 2020.
             Demolished by Zonian's ghost (16 damage)
             ... on level 10 of the Dungeon.
             The game lasted 00:34:25 (10735 turns).

thirtiethelement the Destroyer (Gnoll Conjurer)    Turns: 10735, Time: 00:34:25

Health: -15/81     AC: 12    Str: 12    XL:     11   Next: 12%
Magic:  18/22      EV: 17    Int: 24    God:
Gold:   207        SH:  0    Dex: 20    Spells: 5/25 levels left

rFire    . . .     SeeInvis .   B - +4 war axe (freeze)
rCold    + . .     Gourm    .   (no shield)
rNeg     . . .     Faith    .   z - +0 acid dragon scales
rPois    +         Spirit   .   (no helmet)
rElec    .         Reflect  .   A - +0 cloak "Bimpiux" {Str+2 Int+3 Dex+4}
rCorr    +         Harm     .   (no gloves)
MR       .....                  (no boots)
Stlth    ++++......             (no amulet)
HPRegen  0.23/turn              G - ring "Higoc" {rPois rC+}
MPRegen  0.18/turn              g - +4 ring of protection

@: no status effects
A: distributed training, fangs 1, strong nose
a: no special abilities


You were on level 10 of the Dungeon.
You were not hungry.

You visited 2 branches of the dungeon, and saw 11 of its levels.

You collected 567 gold pieces.
You spent 360 gold pieces at shops.

Inventory:

Hand Weapons
 p - a +0 rapier
 s - a +2 dagger of protection
 w - a +0 quarterstaff of protection
 B - a +4 war axe of freezing (weapon)
Missiles
 d - 19 boomerangs (quivered)
Armour
 a - a +1 robe
 r - a +1 cloak
 y - a +1 ring mail of cold resistance
 z - +0 acid dragon scales (worn)
 A - the +0 cloak "Bimpiux" (worn) {Str+2 Int+3 Dex+4}
   (You acquired it on level 8 of the Dungeon)

   It affects your strength (+2).
   It affects your intelligence (+3).
   It affects your dexterity (+4).
Magical Staves
 x - an uncursed staff of summoning
Jewellery
 f - an uncursed ring of protection from magic
 g - a +4 ring of protection (right hand)
 h - an uncursed ring of ice
 D - an uncursed ring of wizardry
 F - an uncursed ring of stealth
 G - the ring "Higoc" (left hand) {rPois rC+}
   (You bought it in a shop on level 8 of the Dungeon)

   [ring of poison resistance]

   It protects you from cold.
   It protects you from poison.
Wands
 t - a wand of polymorph (7)
 C - a wand of flame (8)
 E - a wand of acid (9)
Scrolls
 l - 2 scrolls of remove curse
 m - 2 scrolls of blinking
 o - 6 scrolls of teleportation
 u - 2 scrolls of magic mapping
 I - a scroll of identify
Potions
 e - a potion of invisibility
 i - 3 potions of heal wounds {unknown}
 j - a potion of might
 k - 4 potions of stabbing
 n - a potion of haste
 q - a potion of flight {unknown}
 v - a potion of berserk rage {unknown}
Comestibles
 c - 16 rations
 H - 3 chunks of flesh


   Skills:
 + Level 5.9 Fighting
 + Level 5.9 Short Blades
 + Level 5.9 Long Blades
 + Level 5.9 Axes
 + Level 5.9 Maces & Flails
 + Level 5.9 Polearms
 + Level 5.9 Staves
 + Level 5.9 Slings
 + Level 5.9 Bows
 + Level 5.9 Crossbows
 + Level 5.9 Throwing
 + Level 5.9 Armour
 + Level 7.5 Dodging
 + Level 7.3 Stealth
 + Level 5.9 Shields
 + Level 5.9 Unarmed Combat
 + Level 7.8 Spellcasting
 + Level 8.7 Conjurations
 + Level 4.8 Hexes
 + Level 4.8 Charms
 + Level 4.8 Summonings
 + Level 4.8 Necromancy
 + Level 4.8 Translocations
 + Level 4.8 Transmutations
 + Level 4.8 Fire Magic
 + Level 4.8 Ice Magic
 + Level 4.8 Air Magic
 + Level 4.8 Earth Magic
 + Level 4.8 Poison Magic
 + Level 6.4 Invocations
 + Level 5.9 Evocations


You had 5 spell levels left.
You knew the following spells:

 Your Spells              Type           Power        Failure   Level  Hunger
a - Magic Dart            Conj           ####         1%          1    None
b - Searing Ray           Conj           ######       1%          2    None
c - Dazzling Flash        Conj/Hex       #####.       1%          3    None
d - Iskenderun's Mystic   Conj/Tloc      #####...     5%          4    ###....
e - Fulminant Prism       Conj/Hex       #####.....   5%          4    ###....
f - Gell's Gravitas       Tloc           ####......   3%          3    None
g - Portal Projectile     Hex/Tloc       ####..       3%          3    None

Your spell library contained the following spells:

 Spells                   Type           Power        Failure   Level  Hunger
 Dispersal                Tloc           ####......   88%         6    ######.
 Controlled Blink         Tloc           N/A          100%        8    #######
 Disjunction              Tloc           ####......   100%        8    #######


Dungeon Overview and Level Annotations

Branches:
Dungeon (10/15)            Temple (1/1) D:6
   Lair: D:8-11         Orc: D:9-12

Altars:
Ashenzari
Cheibriados
Dithmenos
Elyvilon
Fedhas
Gozag
Hepliaklqana
Kikubaaqudgha
Makhleb
Nemelex Xobeh
Okawaru
Qazlal
Ru
Sif Muna
Trog
Uskayaw
Vehumet
Wu Jian
Xom
Yredelemnul
Zin
The Shining One

Shops:
D:8 *

Annotations:
D:5 3 runed translucent doors, XxsatanxX's ghost, novice DsFi; krigyl's ghost, amateur CeCj; simcity's ghost, novice SpEn
D:10 Zonian's ghost, journeyman HaHu


Innate Abilities, Weirdness & Mutations

Your experience applies equally to all skills.
You have very sharp teeth.
Your uncanny sense of smell can sniff out nearby items.


Message History

The searing ray misses Zonian's ghost. (Press . to maintain the ray.) Zonian's ghost hits you!
* * * LOW HITPOINT WARNING * * *
The searing ray hits Zonian's ghost!
Zonian's ghost is severely damaged.
Zonian's ghost hits you but does no damage.
The searing ray hits Zonian's ghost!
Zonian's ghost is almost destroyed.
Zonian's ghost hits you.
* * * LOW HITPOINT WARNING * * *
The searing ray hits Zonian's ghost!
Zonian's ghost is almost destroyed.
You finish channeling your searing ray.
Zonian's ghost closely misses you.
You barely miss Zonian's ghost.
Zonian's ghost is almost destroyed.
Zonian's ghost hits you!
* * * LOW HITPOINT WARNING * * *
You are electrocuted!
You die...

#+# #.#########
######.........#
#.........####.#
##.###..<#.#
...........#
##.###..####
#.####.#.♣#
#..)..@W=8#
######.#)♣#
#.### #.# #.#
#.# #.# #.#


You could see Zonian's ghost.

Vanquished Creatures
  Erica (D:9)
  An ugly thing (D:9)
  Maggie (D:6)
  Prince Ribbit (D:9)
  A hornet (D:9)
  2 hippogriffs (D:9)
  A wyvern (D:8)
  Edmund (D:6)
  2 sky beasts
  4 ice beasts
  3 orc warriors
  2 phantoms
  8 ogres
  5 centaurs
  6 bullfrogs
  A wyvern skeleton (D:8)
  4 scorpions
  3 killer bees (D:9)
  6 wights
  A howler monkey (D:7)
  5 crimson imps
  2 quasits (D:8)
  A bullfrog zombie (D:9)
  A bullfrog skeleton (D:5)
  9 orc priests
  4 hounds
  5 jellies
  2 iguanas
  9 worker ants
  14 orc wizards
  A hound zombie (D:7)
  2 hound skeletons
  A worker ant zombie (D:7)
  7 adders
  A howler monkey skeleton (D:4)
  3 shadow imps
  2 oozes
  An adder zombie (D:7)
  2 adder skeletons
  2 worms
  A dart slug (D:1)
  8 leopard geckos
  34 orcs
  6 bats
  2 giant cockroaches
  6 hobgoblins
  12 jackals
  8 kobolds
  3 quokkas
  A ball python (D:4)
  4 frilled lizards
  10 goblins
  2 leopard gecko skeletons
  A quokka skeleton (D:8)
  3 rats
229 creatures vanquished.

Vanquished Creatures (others)
  2 fulminant prisms (D:9)
  2 withered plants (D:5)
4 creatures vanquished.

Grand Total: 233 creatures vanquished

Notes
Turn   | Place    | Note
-------+----------+-------------------------------------------
     0 | D:1      | thirtiethelement the Gnoll Conjurer began the quest for the
                  | Orb.
     0 | D:1      | Reached XP level 1. HP: 13/13 MP: 6/6
   122 | D:1      | Reached XP level 2. HP: 19/19 MP: 5/7
   131 | D:1      | Learned a level 2 spell: Searing Ray
   827 | D:2      | Reached XP level 3. HP: 15/25 MP: 1/9
   958 | D:2      | Reached skill level 5 in Spellcasting
  1132 | D:2      | Found a hazy altar of Hepliaklqana.
  1434 | D:2      | Reached skill level 1 in Invocations
  1658 | D:3      | Reached skill level 1 in Fighting
  1658 | D:3      | Reached skill level 1 in Short Blades
  1658 | D:3      | Reached skill level 1 in Long Blades
  1658 | D:3      | Reached skill level 1 in Axes
  1658 | D:3      | Reached skill level 1 in Maces & Flails
  1658 | D:3      | Reached skill level 1 in Polearms
  1658 | D:3      | Reached skill level 1 in Staves
  1658 | D:3      | Reached skill level 1 in Slings
  1658 | D:3      | Reached skill level 1 in Bows
  1658 | D:3      | Reached skill level 1 in Crossbows
  1658 | D:3      | Reached skill level 1 in Throwing
  1658 | D:3      | Reached skill level 1 in Armour
  1658 | D:3      | Reached skill level 1 in Shields
  1658 | D:3      | Reached skill level 1 in Unarmed Combat
  1658 | D:3      | Reached skill level 1 in Evocations
  1762 | D:3      | Reached XP level 4. HP: 32/32 MP: 7/11
  1921 | D:3      | Reached skill level 1 in Hexes
  1921 | D:3      | Reached skill level 1 in Charms
  1921 | D:3      | Reached skill level 1 in Summonings
  1921 | D:3      | Reached skill level 1 in Necromancy
  1921 | D:3      | Reached skill level 1 in Translocations
  1921 | D:3      | Reached skill level 1 in Transmutations
  1921 | D:3      | Reached skill level 1 in Fire Magic
  1921 | D:3      | Reached skill level 1 in Ice Magic
  1921 | D:3      | Reached skill level 1 in Air Magic
  1921 | D:3      | Reached skill level 1 in Earth Magic
  1921 | D:3      | Reached skill level 1 in Poison Magic
  2119 | D:3      | Found a shimmering altar of Xom.
  2125 | D:3      | Reached XP level 5. HP: 37/37 MP: 7/12
  2384 | D:3      | Reached XP level 6. HP: 44/44 MP: 7/13
  2934 | D:4      | Reached skill level 5 in Dodging
  3195 | D:4      | Learned a level 3 spell: Dazzling Flash
  3200 | D:4      | Learned a level 4 spell: Iskenderun's Mystic Blast
  3419 | D:4      | Reached XP level 7. HP: 50/50 MP: 6/15
  4210 | D:5      | Entered Level 5 of the Dungeon
  4232 | D:5      | Found a blossoming altar of Fedhas.
  4265 | D:5      | Found a glowing golden altar of the Shining One.
  4266 | D:5      | Found an opulent altar of Gozag.
  4278 | D:5      | Reached skill level 5 in Stealth
  4593 | D:5      | Reached XP level 8. HP: 57/57 MP: 7/16
  4808 | D:5      | Found a runed translucent gate.
  4808 | D:5      | Found a runed translucent gate.
  4808 | D:5      | Found a runed translucent gate.
  4815 | D:5      | Noticed simcity's ghost (novice SpEn)
  4815 | D:5      | Noticed XxsatanxX's ghost (novice DsFi)
  4816 | D:5      | Noticed krigyl's ghost (amateur CeCj)
  6000 | D:6      | Noticed Maggie
  6006 | D:6      | Noticed Edmund
  6013 | D:6      | Killed Maggie
  6013 | D:6      | Reached XP level 9. HP: 65/65 MP: 3/18
  6039 | D:6      | Killed Edmund
  6343 | D:6      | Found a staircase to the Ecumenical Temple.
  6686 | D:6      | Found a shadowy altar of Dithmenos.
  6745 | Temple   | Entered the Ecumenical Temple
  6903 | D:7      | Reached skill level 8 in Conjurations
  7415 | D:7      | Reached skill level 5 in Invocations
  7612 | D:7      | Found a hide-covered altar of Uskayaw.
  7965 | D:7      | Learned a level 4 spell: Fulminant Prism
  8148 | D:8      | Reached XP level 10. HP: 73/73 MP: 15/20
  8331 | D:8      | Found Oheloleg's Assorted Antiques.
  8353 | D:8      | Bought a leatherbound book for 270 gold pieces
  8353 | D:8      | Bought a slimy granite ring for 90 gold pieces
  8357 | D:8      | Learned a level 3 spell: Gell's Gravitas
  8361 | D:8      | Learned a level 3 spell: Portal Projectile
  8361 | D:8      | Identified the ring "Higoc" {rPois rC+} (You bought it in a
                  | shop on level 8 of the Dungeon)
  8364 | D:8      | Identified a scroll of acquirement
  8365 | D:8      | Got the +0 cloak "Bimpiux" {Str+2 Int+3 Dex+4}
  8855 | D:8      | Found a sparkling altar of Nemelex Xobeh.
  8861 | D:8      | Reached skill level 5 in Fighting
  8861 | D:8      | Reached skill level 5 in Short Blades
  8861 | D:8      | Reached skill level 5 in Long Blades
  8861 | D:8      | Reached skill level 5 in Axes
  8861 | D:8      | Reached skill level 5 in Maces & Flails
  8861 | D:8      | Reached skill level 5 in Polearms
  8861 | D:8      | Reached skill level 5 in Staves
  8861 | D:8      | Reached skill level 5 in Slings
  8861 | D:8      | Reached skill level 5 in Bows
  8861 | D:8      | Reached skill level 5 in Crossbows
  8861 | D:8      | Reached skill level 5 in Throwing
  8861 | D:8      | Reached skill level 5 in Armour
  8861 | D:8      | Reached skill level 5 in Shields
  8861 | D:8      | Reached skill level 5 in Unarmed Combat
  8861 | D:8      | Reached skill level 5 in Evocations
  9538 | D:9      | Noticed a brown ugly thing
  9546 | D:9      | Killed a brown ugly thing
  9663 | D:9      | Noticed Prince Ribbit
  9674 | D:9      | Killed Prince Ribbit
  9914 | D:9      | Noticed Erica
  9938 | D:9      | Killed Erica
 10324 | D:9      | Reached XP level 11. HP: 78/81 MP: 15/22
 10509 | D:9      | Found a sacrificial altar of Ru.
 10698 | D:10     | Entered Level 10 of the Dungeon
 10704 | D:10     | Found a runed translucent door.
 10708 | D:10     | Noticed Zonian's ghost (journeyman HaHu)
 10735 | D:10     | HP: 1/81 [Zonian's ghost (8)]
 10735 | D:10     | Demolished by Zonian's ghost

Illustrated notes

Levels and vault maps discovered:
D:1:      dpeg_arrival_long_road, layout_basic
D:2:      layout_loops_ring, nicolae_overflow_crystal_walls
D:3:      layout_rooms, led_xom_imps
D:4:      minmay_wonky_spiral, layout_loops_ring, first_ration,
          roderic_lattice_a, minmay_misc_feat_tower, minmay_misc_feat_x,
          kennysheep_potato
D:5:      layout_rooms, kennysheep_mini_moat, grunt_temple_overflow_open,
          gammafunk_ghost_cemetery
D:6:      layout_basic, marbit_many_paths, minmay_temple_entry_stoned_glass,
          uniq_edmund, uniq_maggie
D:7:      layout_basic, lemuel_round_altar, grunt_ogre_cave
D:8:      layout_basic, nemelex_xobeh_ov_fountains_minmay, serial_shops,
          nicolae_shop_temple_entry_statues_fountains
D:9:      layout_roguey, lemuel_crystal_altar, uniq_erica, uniq_prince_ribbit1
D:10:     layout_loops_corners, gammafunk_ghost_grave, serial_shops,
          nicolae_shop_statue_plus, basic_altar, minmay_misc_feat_iff,
          uniq_nergalle, uniq_harold, uniq_grum
Temple:   cyrus_circular_temple

Skill      XL: |  1  2  3  4  5  6  7  8  9 10 |
---------------+-------------------------------+-----
Spellcasting   | 5 6 7 |  7.8
Invocations    | 1 2 3 4 5 6 |  6.4
Fighting       | 1 2 3 4 5 |  5.9
Short Blades   | 1 2 3 4 5 |  5.9
Long Blades    | 1 2 3 4 5 |  5.9
Axes           | 1 2 3 4 5 |  5.9
Maces & Flails | 1 2 3 4 5 |  5.9
Polearms       | 1 2 3 4 5 |  5.9
Staves         | 1 2 3 4 5 |  5.9
Slings         | 1 2 3 4 5 |  5.9
Bows           | 1 2 3 4 5 |  5.9
Crossbows      | 1 2 3 4 5 |  5.9
Throwing       | 1 2 3 4 5 |  5.9
Armour         | 1 2 3 4 5 |  5.9
Shields        | 1 2 3 4 5 |  5.9
Unarmed Combat | 1 2 3 4 5 |  5.9
Evocations     | 1 2 3 4 5 |  5.9
Hexes          | 1 2 3 4 |  4.8
Charms         | 1 2 3 4 |  4.8
Summonings     | 1 2 3 4 |  4.8
Necromancy     | 1 2 3 4 |  4.8
Translocations | 1 2 3 4 |  4.8
Transmutations | 1 2 3 4 |  4.8
Fire Magic     | 1 2 3 4 |  4.8
Ice Magic      | 1 2 3 4 |  4.8
Air Magic      | 1 2 3 4 |  4.8
Earth Magic    | 1 2 3 4 |  4.8
Poison Magic   | 1 2 3 4 |  4.8
Dodging        | 5 6 7 |  7.5
Stealth        | 5 6 7 |  7.3
Conjurations   | 8 |  8.7

Action                   |  1- 3 |  4- 6 |  7- 9 | 10-12 || total
-------------------------+-------+-------+-------+-------++-------
Melee: Dagger            |    12 |       |    12 |       ||    24
       Bite              |     4 |       |     7 |     5 ||    16
       Rapier            |       |       |     3 |       ||     3
       Quarterstaff      |       |       |    51 |       ||    51
       War axe           |       |       |       |    51 ||    51
Throw: Boomerang         |       |     3 |    25 |       ||    28
 Cast: Magic Dart        |    64 |    66 |   160 |    89 ||   379
       Searing Ray       |       |    11 |    41 |    35 ||    87
       Iskenderun's Myst |       |       |     1 |       ||     1
       Fulminant Prism   |       |       |       |     2 ||     2
  Use: Scroll            |     3 |     9 |     8 |     3 ||    23
       Potion            |       |       |       |     2 ||     2
 Stab: Sleeping          |       |       |       |     2 ||     2
  Eat: Chunk             |     2 |     5 |    14 |     6 ||    27
       Ration            |       |       |       |     1 ||     1
Armor: Robe              |     1 |     8 |    13 |       ||    22
       Acid dragon scale |       |       |    30 |    38 ||    68
       Skin              |       |       |     1 |       ||     1
Dodge: Dodged            |     5 |    25 |   105 |    62 ||   197

Table legend:
 A = Non-vault XP
 B = Vault XP
 C = Vault XP percentage of total XP
 D = Non-vault monster count
 E = Vault monster count
 F = Vault count percentage of total count
                 A         B        C        D         E       F
            +---------+---------+-------+---------+---------+-------
      Total |    7914 |    2436 |  23.5 |     217 |      12 |   5.2
            +---------+---------+-------+---------+---------+-------
        D:1 |      31 |       0 |   0.0 |      16 |       0 |   0.0
        D:2 |      27 |       0 |   0.0 |      14 |       0 |   0.0
        D:3 |     107 |     198 |  64.9 |      25 |       4 |  13.8
        D:4 |     274 |     280 |  50.5 |      20 |       3 |  13.0
        D:5 |     462 |       0 |   0.0 |      17 |       0 |   0.0
        D:6 |    1138 |     570 |  33.4 |      24 |       2 |   7.7
        D:7 |    1390 |     121 |   8.0 |      27 |       1 |   3.6
        D:8 |    1453 |       0 |   0.0 |      33 |       0 |   0.0
        D:9 |    2896 |    1267 |  30.4 |      40 |       2 |   4.8
       D:10 |     136 |       0 |   0.0 |       1 |       0 |   0.0
            +---------+---------+-------+---------+---------+-------
